 Dungeon Crawl Stone Soup version 0.28.0 (webtiles) character file.

Game seed: 17648545284059402086

662 Descartes the Skirmisher (level 7, 0/70 HPs)
             Began as a Troll Warper on Feb 12, 2022.
             Was an Initiate of Gozag.
             Slain by an unseen horror (7 damage)
             ... on level 5 of the Dungeon.
             The game lasted 00:05:53 (3721 turns).

Descartes the Skirmisher (Troll Warper)             Turns: 3721, Time: 00:05:53

Health: 0/70       AC:  6    Str: 22    XL:     7   Next: 30%
Magic:  9/9        EV: 10    Int:  9    God:    Gozag
Gold:   386        SH:  0    Dex:  9    Spells: 10/10 levels left

rFire   . . .      SeeInvis .     - Unarmed
rCold   . . .      Faith    .   (no shield)
rNeg    . . .      Spirit   .   a - +0 robe
rPois   .          Reflect  .   r - +2 hat
rElec   .          Harm     .   (no cloak)
rCorr   .          Rampage  .   (gloves unavailable)
Will    .....                   (boots unavailable)
Stlth   +.........              (no amulet)
HPRegen 1.01/turn               (no ring)
MPRegen 0.11/turn               (no ring)

@: no status effects
A: large, unfitting armour, claws 3, regeneration 1, shaggy fur 1, tough skin 1
a: Renounce Religion, Potion Petition, Call Merchant, Bribe Branch


You were on level 5 of the Dungeon.
You worshipped Gozag.
Gozag was aware of your devotion.
You visited 1 branch of the dungeon, and saw 5 of its levels.

You collected 425 gold pieces.
You paid 39 gold pieces to Gozag.

Inventory:

Hand Weapons
 p - a +2 short sword of holy wrath
Missiles
 c - 5 boomerangs of dispersal (quivered)
 e - 13 poisoned darts
 g - 298 stones
 y - 5 javelins
Armour
 a - a +0 robe (worn)
 m - an orb of guile
 r - a +2 hat (worn)
Wands
 v - a wand of flame (9)
Scrolls
 b - a scroll of blinking
 d - 4 scrolls of teleportation {unknown}
 f - 5 scrolls of identify {unknown}
 i - a scroll of enchant armour {unknown}
 j - a scroll of noise {unknown}
 l - a scroll of magic mapping {unknown}
 n - a scroll of fog {unknown}
 q - a scroll of enchant weapon {unknown}
 s - 3 scrolls of brand weapon {unknown}
 t - a scroll of vulnerability {unknown}
 w - 2 scrolls of fear {unknown}
 x - 2 scrolls of torment {unknown}
Potions
 h - a potion of lignification {unknown}
 k - a potion of curing {unknown}
 o - 3 potions of resistance {unknown}
 u - 2 potions of attraction {unknown}


   Skills:
 * Level 4.1 Fighting
 - Level 0.8 Throwing
 + Level 3.3 Dodging
 + Level 3.6 Unarmed Combat
 + Level 2.3 Spellcasting
 + Level 3.3 Translocations


You had 10 spell levels left.
You didn't know any spells.
Your spell library contained the following spells:

 Spells                   Type           Power      Damage    Failure   Level
 Apportation              Tloc           12%        N/A       9%          1
 Blink                    Tloc           12%        N/A       13%         2
 Gell's Gravitas          Tloc           6%         N/A       26%         3
 Lesser Beckoning         Tloc           6%         N/A       26%         3
 Teleport Other           Tloc           6%         N/A       26%         3
 Animate Skeleton         Necr           2%         N/A       32%         1
 Foxfire                  Conj/Fire      4%         2x1d4     32%         1
 Summon Small Mammal      Summ           4%         N/A       32%         1
 Conjure Flame            Conj/Fire      1%         6-21      69%         3
 Inner Flame              Hex/Fire       1%         N/A       69%         3
 Manifold Assault         Tloc           6%         N/A       93%         5
 Flame Wave               Conj/Fire      1%         2d4       97%         4


Dungeon Overview and Level Annotations

Branches:
Dungeon (5/15)
 Temple: D:4-7

Altars:
Gozag
Trog
Vehumet


Innate Abilities, Weirdness & Mutations

You are too large for most types of armour.
You have claws for hands.
Your natural rate of healing is unusually fast.
You are covered in fur. (AC +1)
You have tough skin. (AC +1)


Message History

No target in view!
No target in view!
You now have 386 gold pieces (gained 5).
Something hits you.
Deactivating autopickup; reactivate with Ctrl-A.
Something hits you. Something hits you but does no damage. Something hits you!
No target in view!
No target in view!
No target in view!
No target in view!
No target in view!
No target in view!
No target in view!
No target in view!
No target in view!
Something hits you.
You closely miss something. Something hits you but does no damage.
Something hits you!
You miss something. Something hits you! Something hits you.
Something hits you but does no damage. x2
You miss something. Something hits you! Something hits you.
Something completely misses you. Something hits you.
You scratch something. Something hits you. Something hits you. x2
You claw something! Something hits you.
You claw something! Something hits you!
* * * LOW HITPOINT WARNING * * *
Something hits you but does no damage.
You miss something. Something hits you but does no damage. Something hits you.
* * * LOW HITPOINT WARNING * * *
Something completely misses you.
You scratch something but do no damage. Something hits you but does no damage.
Something hits you.
* * * LOW HITPOINT WARNING * * *
You closely miss something. Something hits you.
* * * LOW HITPOINT WARNING * * *
Something hits you!
You die...
Your body crumbles into a pile of gold.

..........#
#########.# #.# #.#
#.# #######.########
................
#######.###########.#
#.......@.....#
#############.#


There were no monsters in sight!

Vanquished Creatures
  A water moccasin (D:5)
  An ogre (D:5)
  2 scorpions
  A water moccasin zombie (D:5)
  A hound (D:4)
  An orc priest (D:2)
  2 iguanas (D:5)
  Ijyb (D:4)
  A hound zombie (D:5)
  4 adders
  A white imp (D:5)
  An adder skeleton (D:4)
  A worm (D:2)
  3 dart slugs
  12 orcs
  5 ball pythons
  6 bats
  5 endoplasms
  A giant cockroach (D:2)
  8 goblins
  10 hobgoblins
  9 jackals
  3 quokkas
  2 frilled lizards (D:2)
  6 kobolds
  4 rats
92 creatures vanquished.

Notes
Turn   | Place    | Note
-------+----------+-------------------------------------------
     0 | D:1      | Descartes the Troll Warper began the quest for the Orb.
     0 | D:1      | Reached XP level 1. HP: 19/19 MP: 1/1
    55 | D:1      | Reached XP level 2. HP: 26/28 MP: 3/3
   138 | D:1      | Reached skill level 2 in Fighting
   214 | D:1      | Reached XP level 3. HP: 35/35 MP: 4/4
   324 | D:1      | Found a faded altar of an unknown god.
   978 | D:3      | Reached XP level 4. HP: 44/44 MP: 5/5
  1036 | D:3      | Found a radiant altar of Vehumet.
  1424 | D:3      | Found an opulent altar of Gozag.
  1573 | D:3      | Became a worshipper of Gozag Ym Sagoz the Greedy
  1977 | D:4      | Reached XP level 5. HP: 50/50 MP: 6/6
  2039 | D:4      | Noticed Ijyb
  2050 | D:4      | Killed Ijyb
  2158 | D:4      | Reached skill level 3 in Fighting
  2286 | D:4      | Found a bloodstained altar of Trog.
  2378 | D:4      | Reached XP level 6. HP: 56/61 MP: 7/7
  3078 | D:5      | Entered Level 5 of the Dungeon
  3505 | D:5      | Reached XP level 7. HP: 64/68 MP: 9/9
  3571 | D:5      | Reached skill level 4 in Fighting
  3721 | D:5      | Slain by an unseen horror

Illustrated notes

Levels and vault maps discovered:
D:1:      amcnicky_arrival_underground_garden, layout_rooms,
          shapermc_ecumenical_altar_totnotflames
D:2:      layout_basic
D:3:      layout_basic, mainiacjoe_overflow_concentric_impassable,
          nicolae_overflow_crystal_walls, grunt_ministairs_10,
          nrook_mini_vaults, roderic_three_in_a_row, st_stairs_6
D:4:      layout_layer_cave, nicolae_overflow_hidden_temple, abandoned_shop,
          uniq_crazy_yiuf_cottage, uniq_ijyb
D:5:      layout_basic, minmay_misc_feat_ornament, hex_tiny,
          minmay_misc_feat_room, kennysheep_boxes

Skill      XL: |  1  2  3  4  5  6  7 |
---------------+----------------------+-----
Dodging        | 2 3 |  3.3
Fighting       | 2 3 4 |  4.1
Unarmed Combat | 3 |  3.6
Spellcasting   | 2 |  2.3
Translocations | 3 |  3.3
Throwing       | |  0.8

Action                   |  1- 3 |  4- 6 |  7- 9 || total
-------------------------+-------+-------+-------++-------
Melee: Unarmed           |   125 |   143 |    21 ||   289
       Punch             |     1 |     2 |       ||     3
 Stab: Sleeping          |     1 |       |       ||     1
Armor: Robe              |    54 |    41 |    12 ||   107
Dodge: Dodged            |    79 |    59 |     8 ||   146
